 Dungeon Crawl Stone Soup version 0.26-a0-540-g8a0c9464d7 (webtiles) character file.

Game seed: 16982836238183236267

29 kobby the Grasshopper (level 3, -8/24 HPs)
             Began as a Human Wanderer on Aug 22, 2020.
             Killed from afar by a worm (28 damage)
             ... with an exploding inner flame
             ... hexed by the player character
             ... on level 2 of the Dungeon.
             The game lasted 00:03:15 (1300 turns).

kobby the Grasshopper (Human Wanderer)              Turns: 1300, Time: 00:03:17

Health: -8/24      AC:  5    Str: 14    XL:     3   Next: 32%
Magic:  4/4        EV: 10    Int: 13    God:
Gold:   70         SH:  0    Dex: 10    Spells: 3/4 levels left

rFire    . . .     SeeInvis .   a - +2 dagger
rCold    . . .     Faith    .   (no shield)
rNeg     + . .     Spirit   .   c - +0 ring mail
rPois    .         Reflect  .   (no helmet)
rElec    .         Harm     .   (no cloak)
rCorr    .                      (no gloves)
MR       .....                  (no boots)
Stlth    +.........             (no amulet)
HPRegen  0.08/turn              k - ring of positive energy
MPRegen  0.09/turn              (no ring)

@: no status effects
A: no striking features
a: no special abilities


You were on level 2 of the Dungeon.
You visited 1 branch of the dungeon, and saw 2 of its levels.

You collected 70 gold pieces.

Inventory:

Hand Weapons
 a - a +2 dagger (weapon)
 b - a -3 long sword
Armour
 c - a +0 ring mail (worn)
 d - a +0 robe
Jewellery
 k - a ring of positive energy (left hand)
Scrolls
 f - a scroll of enchant armour {unknown}
 g - 2 scrolls of remove curse
 i - 4 scrolls of identify {unknown}
Potions
 j - 2 potions of flight


   Skills:
 + Level 0.3 Short Blades
 + Level 1.0 Throwing
 + Level 0.2 Armour
 + Level 0.8 Dodging
 + Level 1.1 Stealth
 + Level 1.0 Spellcasting
   Level 1.0 Conjurations
   Level 1.0 Hexes
   Level 1.0 Summonings
 + Level 4.7 Translocations


You had 3 spell levels left.
You knew the following spells:

 Your Spells              Type           Power        Failure   Level
a - Apportation           Tloc           ##....       9%          1

Your spell library contained the following spells:

 Spells                   Type           Power        Failure   Level
 Gell's Gravitas          Tloc           ##........   26%         3


Dungeon Overview and Level Annotations

Branches:
Dungeon (2/15)

Altars:


Message History

Found a falchion.
A rat comes into view.
Found 12 gold pieces and a cloak.
You closely miss the rat. The rat bites you but does no damage.
You barely miss the rat. The rat barely misses you.
You barely miss the rat. The rat barely misses you.
You hit the rat.
You kill the rat!
Okay, then.
Okay, then.
As you read the scroll labeled VAUNAW ATOKU, it crumbles to dust.
The creatures around you are filled with an inner flame!
It was a scroll of immolation.
You hit the worm.
Flame seeps out of the worm.
The worm is moderately wounded.
The worm is engulfed in blazing flames.
The worm explodes!
The fiery explosion engulfs you!!
Ouch! That really hurt!
You die...

##.##)#.....#
###.##[#.....#
#.†....#.[...#
#......#.....#
#......#..$..#
#......#.....#
#......§§§...#
#......#○#####
#.....>#@#
#.....##.#
#.....##.#
###### ... ...
#.... #....
##.###


There were no monsters in sight!

Vanquished Creatures
  An adder (D:2)
  A worm (D:2)
  A giant cockroach (D:1)
  A goblin (D:1)
  4 hobgoblins
  3 jackals (D:2)
  2 kobolds
  4 rats
17 creatures vanquished.

Notes
Turn   | Place    | Note
-------+----------+-------------------------------------------
     0 | D:1      | kobby the Human Wanderer began the quest for the Orb.
     0 | D:1      | kobby set off with the following items: a +2 dagger, a
                  | potion of heal wounds, a +0 robe; and the following spell
                  | memorised: Apportation; and the following spells available
                  | to memorise: Gell's Gravitas
     0 | D:1      | Reached XP level 1. HP: 13/13 MP: 2/2
   657 | D:1      | Reached XP level 2. HP: 19/19 MP: 3/3
  1150 | D:2      | Reached XP level 3. HP: 23/24 MP: 4/4
  1300 | D:2      | Killed from afar by a worm

Illustrated notes

Levels and vault maps discovered:
D:1:      evilmike_arrival_plus, layout_loops_corners, corner_web_ring
D:2:      layout_basic

Action                   || total
-------------------------++-------
Melee: Dagger            ||   108
  Use: Potion            ||     5
       Scroll            ||     2
Armor: Ring mail         ||    36
       Skin              ||    11
Dodge: Dodged            ||    55

Table legend: (Time is in decaauts)
 A = Elapsed time spent in this place.
 B = Non-inter-level travel time spent in this place.
 C = Inter-level travel time spent in this place.
 D = Time resting spent in this place.
 E = Time spent auto-exploring this place.
 F = Levels seen in this place.
 G = Mean time per level.
                   A        B        C        D        E       F      G
               +--------+--------+--------+--------+--------+-----+--------+
         Total |   1297 |   1297 |      0 |     71 |    951 |   2 |  648.5 |
       Dungeon |   1297 |   1297 |      0 |     71 |    951 |   2 |  648.5 |
               +--------+--------+--------+--------+--------+-----+--------+

Top non-repeatable levels by time:
     D:1: 1033 daAuts
     D:2: 264 daAuts
